 Dungeon Crawl Stone Soup version 0.30-a0-937-ga0a21ad780 (webtiles) character file.

Game seed: 2093442188984423826

28770 Dirtsage the Brawler (level 13, -1/106 HPs)
             Began as a Demonspawn Fighter on Mar 24, 2023.
             Was a High Priest of Makhleb.
             Slain by a seven-headed hydra (12 damage)
             ... on level 4 of the Lair of Beasts.
             The game lasted 00:28:06 (11919 turns).

Dirtsage the Brawler (Demonspawn Fighter)          Turns: 11919, Time: 00:28:07

Health: -1/106     AC: 13    Str: 27    XL:     13   Next: 11%
Magic:  21/21      EV:  8    Int: 15    God:    Makhleb [*****.]
Gold:   721        SH:  4    Dex:  9    Spells: 12/12 levels left

rFire   . . .      SeeInvis .    T - +1 scimitar (flame)
rCold   . . .      Faith    .    c - +0 buckler
rNeg    . . .      Spirit   .    H - +2 chain mail of Dawn {+Blink Int+5 Dex-4 Slay+3}
rPois   .          Reflect  .    i - +0 helmet
rElec   .          Rampage  .    (cloak unavailable)
rCorr   .                        (gloves unavailable)
Will    .....                    R - +0 pair of boots Stlth
                                 y - amulet of regeneration
HPRegen 1.17/turn                V - +6 ring of strength
MPRegen 0.17/turn                P - +4 ring of slaying

@: mighty, slowed, very slow
A: claws 3, hooves 1, powered by pain 1, spiny 1, weakness stinger 3
a: Renounce Religion, Evoke Blink, Minor Destruction, Lesser Servant of Makhleb,
Major Destruction, Greater Servant of Makhleb


You were on level 4 of the Lair of Beasts.
You worshipped Makhleb.
Makhleb was extremely pleased with you.
You visited 4 branches of the dungeon, and saw 17 of its levels.
You also visited: Sewer and Ossuary.

You collected 977 gold pieces.
You spent 256 gold pieces at shops.

Inventory:

Hand Weapons
 T - a +1 scimitar of flaming (weapon)
Missiles
 Q - 4 throwing nets (quivered)
Armour
 b - a +0 scale mail
 c - a +0 buckler (worn)
 i - a +0 helmet (worn)
 H - the +2 chain mail of Dawn (worn) {+Blink Int+5 Dex-4 Slay+3}
   (You bought it in a shop on level 7 of the Dungeon)

   Int:       It affects your intelligence (+5).
   Dex:       It affects your dexterity (-4).
   Slay:      It affects your accuracy & damage with ranged weapons and melee
   (+3).
   +Blink:    It lets you blink.
 R - a +0 pair of boots (worn)
Magical Staves
 L - a staff of cold
Jewellery
 s - a ring of ice
 y - an amulet of regeneration (around neck)
 N - a ring of positive energy
 P - a +4 ring of slaying (right claw)
 S - a +6 ring of intelligence
 V - a +6 ring of strength (left claw)
Wands
 l - a wand of flame (15)
 D - a wand of digging (3)
 J - a wand of roots (23)
 M - a wand of charming (22)
 U - a wand of acid (6)
Scrolls
 a - 7 scrolls of teleportation {unknown}
 e - a scroll of amnesia {unknown}
 g - 2 scrolls of noise {unknown}
 h - 3 scrolls of blinking {unknown}
 j - 3 scrolls of vulnerability {unknown}
 k - 12 scrolls of identify {unknown}
 m - 4 scrolls of enchant weapon {unknown}
 r - 2 scrolls of enchant armour {unknown}
 t - 2 scrolls of poison {unknown}
 u - 4 scrolls of brand weapon {unknown}
 v - 4 scrolls of fear {unknown}
 w - a scroll of magic mapping {unknown}
 x - a scroll of torment {unknown}
 G - 3 scrolls of immolation {unknown}
 I - 3 scrolls of fog {unknown}
Potions
 d - 4 potions of might
 f - 3 potions of brilliance {unknown}
 n - 8 potions of lignification {unknown}
 o - 2 potions of cancellation {unknown}
 p - 5 potions of haste {unknown}
 q - 10 potions of curing
 z - 2 potions of degeneration {unknown}
 A - 3 potions of mutation {unknown}
 B - 2 potions of invisibility {unknown}
 C - 4 potions of magic {unknown}
 E - a potion of attraction {unknown}
 F - 2 potions of flight {unknown}
 K - 3 potions of heal wounds {unknown}
 O - a potion of ambrosia {unknown}
 W - a potion of resistance {unknown}


   Skills:
 + Level 11.3 Fighting
 - Level 2.5 Long Blades
 - Level 2.6 Armour
 - Level 2.6 Shields
 * Level 15.7 Unarmed Combat
 + Level 1.4 Transmutations
 + Level 1.4 Earth Magic
 * Level 11.5 Invocations


You had 12 spell levels left.
You didn't know any spells.
Your spell library contained the following spells:

 Spells                   Type           Power      Damage    Failure   Level
 Sandblast                Erth           8%         2d5       77%         1
 Passwall                 Tmut/Erth      3%         N/A       88%         2
 Static Discharge         Conj/Air       0%         2-2/arc   98%         2
 Stone Arrow              Conj/Erth      4%         3d7       99%         3
 Inner Flame              Hex/Fire       0%         N/A       100%        3
 Vhi's Electric Charge    Tloc/Air       0%         N/A       100%        3
 Flame Wave               Conj/Fire      0%         2d4       100%        4
 Petrify                  Tmut/Erth      4%         N/A       100%        4
 Sticky Flame             Conj/Fire      0%         2d3       100%        4
 Arcjolt                  Conj/Air       0%         1d10      100%        5
 Iskenderun's Battlesphe  Conj           0%         2d6       100%        5
 Metabolic Englaciation   Hex/Ice        0%         N/A       100%        5
 Plasma Beam              Fire/Air       0%         2x1d11    100%        5
 Iron Shot                Conj/Erth      1%         9d1       100%        6
 Statue Form              Tmut/Erth      2%         N/A       100%        6
 Spellforged Servitor     Conj/Summ      0%         N/A       100%        7


Dungeon Overview and Level Annotations

Branches:
Dungeon (11/15)            Temple (1/1) D:6            Lair (4/5) D:9
 Shoals (0/4) Lair:3       Spider (0/4) Lair:3          Orc (1/2) D:9
  Sewer (visited)         Ossuary (visited)
  Slime: Lair:4-5

Altars:
Ashenzari
Cheibriados
Dithmenos
Fedhas
Gozag
Hepliaklqana
Kikubaaqudgha
Makhleb
Nemelex Xobeh
Okawaru
Qazlal
Ru
Sif Muna
Trog
Uskayaw
Vehumet
Wu Jian
Xom
Yredelemnul

Shops:
D:3 *   D:4 [   D:7 [([   D:9 ([

Annotations:
Temple 2 transporters


Innate Abilities, Weirdness & Mutations

You have claws for hands.
You have large cloven feet.
You sometimes gain a little power by taking damage.
You are partially covered in sharp spines.
You have a sharp stinger which inflicts weakening toxins.


Message History

You take 1 damage, and have 80/106 hp.
Your +1 scimitar of flaming bursts into flame!
T - a +1 scimitar of flaming (weapon)
You feel sick.
You take 1 damage, and have 79/106 hp.
You hit the seven-headed hydra. You burn the seven-headed hydra.
The seven-headed hydra is lightly wounded.
You feel very sick.
The seven-headed hydra is struck by your spines.
The seven-headed hydra bites you! The seven-headed hydra bites you. x3
The seven-headed hydra bites you!
You focus on the pain.
You feel very mighty all of a sudden. The seven-headed hydra bites you! x2
* * * LOW HITPOINT WARNING * * *
The wraith misses you.
The seven-headed hydra is struck by your spines.
The seven-headed hydra bites you.
* * * LOW HITPOINT WARNING * * *
You block the seven-headed hydra's attack.
The seven-headed hydra bites you!
* * * LOW HITPOINT WARNING * * *
The seven-headed hydra misses you.
The seven-headed hydra bites you but does no damage.
The seven-headed hydra bites you!
* * * LOW HITPOINT WARNING * * *
The seven-headed hydra closely misses you.
You block the wraith's attack.
You take 72 damage, and have 7/106 hp.
MASSIVE DAMAGE!!
Okay, then.
It was a potion of curing.
You feel better.
q - 10 potions of curing;
m - 4 scrolls labelled BEASMAG XEDUEDD You block the seven-headed hydra's attack.
The seven-headed hydra bites you.
* * * LOW HITPOINT WARNING * * *
The seven-headed hydra bites you.
* * * LOW HITPOINT WARNING * * *
The seven-headed hydra bites you.
* * * LOW HITPOINT WARNING * * *
The seven-headed hydra bites you!
You die...

#..........†..^.....
#..........†........
##.........†.........
#P..............(.)..
#...................
##...................
#................Y...
#.........†.######...
#.........@.# .Y.
##...$...†WD## ..
#.......†...####
#................
##.####.....P.....
..... ...
##...##P.... ..... ##
#...# #.... .....
#...# .... .....
#.... .(. .....


You could see a seven-headed hydra and a wraith.

Vanquished Creatures
  Josephine (Lair:3)
  Harold (Lair:2)
  Erica (Orc:1)
  2 two-headed ogres
  4 death yaks (Lair:3)
  A skyshark (Lair:2)
  Sonja (Lair:4)
  Pikel (D:8)
  A cyclops (D:11)
  5 elephants (Lair:4)
  3 black mambas
  A gargoyle (D:11)
  3 cane toads
  3 komodo dragons
  8 blink frogs
  A hornet (D:8)
  2 culicivoras (Lair:3)
  16 yaks
  4 wraiths
  5 wyverns
  Grum (D:8)
  A steam dragon (D:7)
  2 basilisks
  3 vampire mosquitoes (D:11)
  12 water moccasins
  14 orc warriors
  4 black bears
  3 ogres
  12 wolves
  5 centaurs
  8 kobold brigands
  2 lemures (D:8)
  2 phantoms
  3 elf zombies (Ossuary)
  3 gnoll sergeants
  16 bullfrogs
  5 scorpions
  4 wights (D:7)
  7 killer bees (D:8)
  6 howler monkeys
  3 lava snakes (D:7)
  2 centaur zombies (Ossuary)
  A jelly (D:8)
  14 orc priests
  2 hounds (D:6)
  2 human zombies (Ossuary)
  A sleepcap (D:7)
  A gnoll bouda (D:8)
  13 orc wizards
  3 iguanas
  13 hell rats (Lair:3)
  2 mummies (Ossuary)
  16 gnolls
  A river rat (Sewer)
  12 adders
  3 shadow imps
  A white imp (D:6)
  An ufetubus (D:5)
  4 worms
  A dart slug (D:2)
  49 orcs
  3 bats
  7 endoplasms
  A giant cockroach (D:4)
  8 goblins
  3 hobgoblins
  9 quokkas
  5 ball pythons
  3 goblin zombies (Ossuary)
  13 hobgoblin zombies (Ossuary)
  34 kobolds
  8 kobold zombies (Ossuary)
  5 orc zombies (Ossuary)
  7 rats
  A rat zombie (Ossuary)
429 creatures vanquished.

Vanquished Creatures (collateral kills)
  The ghost of toffzen the Nimble, a journeyman DjBe of Trog (Lair:2)
  A water moccasin (Lair:2)
  A wolf (Lair:2)
3 creatures vanquished.

Vanquished Creatures (others)
  A two-headed ogre (D:8)
  A hornet (D:8)
  A vampire mosquito (D:8)
  An orc warrior (D:8)
  A kobold brigand (D:8)
  2 bullfrogs (D:8)
  A shadow imp (D:8)
  3 orcs (D:8)
  43 fungi
  51 plants
105 creatures vanquished.

Grand Total: 537 creatures vanquished

Notes
Turn   | Place    | Note
-------+----------+-------------------------------------------
     0 | D:1      | Dirtsage the Demonspawn Fighter began the quest for the
                  | Orb.
     0 | D:1      | Reached XP level 1. HP: 18/18 MP: 1/1
   442 | D:1      | Discovered your monstrous ancestry.
   442 | D:1      | Gained mutation: You have sharp fingernails. [demonic
                  | ancestry]
   442 | D:1      | Reached XP level 2. HP: 24/24 MP: 2/2
  1063 | D:2      | Reached skill level 1 in Unarmed Combat
  1159 | D:2      | Gained mutation: You sometimes gain a little power by
                  | taking damage. [demonic ancestry]
  1159 | D:2      | Reached XP level 3. HP: 24/29 MP: 3/3
  1231 | D:2      | Reached skill level 2 in Unarmed Combat
  1688 | D:3      | Found Saithrom's Assorted Antiques.
  1827 | D:3      | Found a blossoming altar of Fedhas.
  1831 | D:3      | Gained mutation: You have a small tail. [demonic ancestry]
  1831 | D:3      | Reached XP level 4. HP: 35/35 MP: 4/4
  2050 | D:4      | Noticed a scorpion
  2067 | D:4      | Killed a scorpion
  2068 | D:4      | Reached skill level 3 in Unarmed Combat
  2201 | D:4      | Found Wizob's Antique Armour Shop.
  2304 | D:4      | Gained mutation: You are partially covered in sharp spines.
                  | [demonic ancestry]
  2304 | D:4      | Reached XP level 5. HP: 41/41 MP: 5/5
  2310 | D:4      | Noticed an ogre
  2317 | D:4      | Killed an ogre
  2318 | D:4      | Reached skill level 4 in Unarmed Combat
  2471 | D:4      | Noticed a phantom
  2485 | D:4      | Killed a phantom
  2486 | D:4      | Reached skill level 5 in Unarmed Combat
  2486 | D:4      | Gained mutation: You have very sharp fingernails. [demonic
                  | ancestry]
  2486 | D:4      | Reached XP level 6. HP: 39/47 MP: 6/6
  2758 | D:5      | Entered Level 5 of the Dungeon
  3059 | D:5      | Found an iron altar of Okawaru.
  3445 | D:5      | Reached skill level 6 in Unarmed Combat
  3609 | D:5      | Gained mutation: You have claws for hands. [demonic
                  | ancestry]
  3609 | D:5      | Reached XP level 7. HP: 46/52 MP: 7/7
  3621 | D:5      | You fall into a shaft and drop 1 floor!
  3776 | D:6      | Reached skill level 7 in Unarmed Combat
  3945 | D:6      | Found a glowing drain.
  3955 | Sewer    | Entered a sewer
  4176 | Sewer    | Reached skill level 8 in Unarmed Combat
  4243 | Sewer    | Gained mutation: You have a tail ending in a sharp stinger.
                  | [demonic ancestry]
  4243 | Sewer    | Reached XP level 8. HP: 58/58 MP: 8/8
  4336 | D:6      | Found a staircase to the Ecumenical Temple.
  4947 | Temple   | Entered the Ecumenical Temple
  4947 | Temple   | Found a transporter.
  4947 | Temple   | Found a transporter.
  4949 | Temple   | Found a transporter.
  4949 | Temple   | Found a transporter.
  5062 | D:7      | Found Zargh's Antique Armour Shoppe.
  5067 | D:7      | Bought an ancient chain mail for 256 gold pieces
  5067 | D:7      | Identified the +2 chain mail of Dawn {+Blink Int+5 Dex-4
                  | Slay+3} (You bought it in a shop on level 7 of the Dungeon)
  5141 | D:7      | Reached skill level 9 in Unarmed Combat
  5227 | D:7      | Found an ancient bone altar of Kikubaaqudgha.
  5350 | D:7      | Reached skill level 5 in Fighting
  5360 | D:7      | Gained mutation: You have a sharp stinger which inflicts
                  | weakening toxins. [demonic ancestry]
  5360 | D:7      | Reached XP level 9. HP: 34/68 MP: 9/9
  5365 | D:7      | Found a sand-covered staircase.
  5379 | Ossuary  | Entered an ossuary
  5556 | Ossuary  | Reached skill level 10 in Unarmed Combat
  5636 | D:7      | Found Sona's Antique Weapon Emporium.
  5740 | D:7      | Found Lieggain's Antique Armour Boutique.
  6370 | D:8      | Identified the +7 falchion of the Spider Nest {pain, rN++}
  6372 | D:8      | Found a burning altar of Makhleb.
  6381 | D:8      | Became a worshipper of Makhleb the Destroyer
  6391 | D:8      | Killed a two-headed ogre
  6424 | D:8      | Reached skill level 11 in Unarmed Combat
  6444 | D:8      | Found a shimmering altar of Xom.
  6603 | D:8      | Noticed Pikel
  6616 | D:8      | Killed Pikel
  6617 | D:8      | Reached XP level 10. HP: 79/79 MP: 10/10
  6639 | D:8      | Found a snail-covered altar of Cheibriados.
  6683 | D:8      | Noticed Grum
  6698 | D:8      | Killed Grum
  6699 | D:8      | Reached * piety under Makhleb
  6879 | D:8      | Reached skill level 12 in Unarmed Combat
  7360 | D:9      | Found a staircase to the Lair.
  7382 | D:9      | Reached ** piety under Makhleb
  7409 | D:9      | Found Elausore's Armour Emporium.
  7409 | D:9      | Found a staircase to the Orcish Mines.
  7409 | D:9      | Found Waimohyne's Weapon Emporium.
  7413 | D:9      | Noticed a two-headed ogre
  7432 | D:9      | Killed a two-headed ogre
  7433 | D:9      | Reached skill level 13 in Unarmed Combat
  7600 | D:9      | Found a stormy altar of Qazlal.
  7876 | D:10     | Entered Level 10 of the Dungeon
  7907 | D:10     | Identified the +1 falchion of False Accusations {antimagic,
                  | rN+}
  8069 | D:10     | Reached XP level 11. HP: 85/89 MP: 11/11
  8231 | D:10     | Reached *** piety under Makhleb
  8549 | D:11     | Reached skill level 1 in Invocations
  8877 | D:11     | Noticed a two-headed ogre
  8883 | D:11     | Killed a two-headed ogre
  9095 | Orc:1    | Entered Level 1 of the Orcish Mines
  9102 | Orc:1    | Noticed Erica
  9126 | Orc:1    | Killed Erica
  9127 | Orc:1    | Reached skill level 14 in Unarmed Combat
  9204 | Orc:1    | Reached **** piety under Makhleb
  9374 | Lair:1   | Entered Level 1 of the Lair of Beasts
  9435 | Lair:1   | Reached skill level 5 in Invocations
  9498 | Lair:1   | Reached skill level 10 in Fighting
 10108 | Lair:2   | Identified the +5 war axe of Excruciating Pain {flame,
                  | rElec Str+2}
 10118 | Lair:2   | Noticed toffzen's ghost (journeyman DjBe)
 10131 | Lair:2   | Found a runed translucent gate.
 10139 | Lair:2   | Found a runed translucent gate.
 10139 | Lair:2   | Found a runed translucent gate.
 10140 | Lair:2   | Noticed a skyshark
 10149 | Lair:2   | Noticed Harold
 10167 | Lair:2   | Killed Harold
 10333 | Lair:2   | Reached XP level 12. HP: 74/97 MP: 17/17
 10721 | Lair:2   | Killed toffzen's ghost
 10739 | Lair:2   | Identified the +4 sling "Liwiprye" {flame, *Corrode rC+
                  | SInv}
 10803 | Lair:3   | Reached skill level 15 in Unarmed Combat
 10825 | Lair:3   | Found a hole to the Spider Nest.
 11055 | Lair:3   | Found a staircase to the Shoals.
 11067 | Lair:3   | Noticed a death yak
 11094 | Lair:3   | Killed a death yak
 11322 | Lair:3   | Reached skill level 10 in Invocations
 11371 | Lair:3   | Noticed a death yak
 11373 | Lair:3   | Noticed a death yak
 11385 | Lair:3   | Killed a death yak
 11389 | Lair:3   | Killed a death yak
 11390 | Lair:3   | Noticed a death yak
 11399 | Lair:3   | Killed a death yak
 11525 | Lair:3   | Found a bloodstained altar of Trog.
 11780 | Lair:4   | Noticed Sonja
 11782 | Lair:4   | Noticed Josephine
 11797 | Lair:3   | Killed Josephine
 11877 | Lair:4   | Reached skill level 1 in Transmutations
 11877 | Lair:4   | Reached skill level 1 in Earth Magic
 11882 | Lair:4   | Gained mutation: You have large cloven feet. [demonic
                  | ancestry]
 11882 | Lair:4   | Reached XP level 13. HP: 99/106 MP: 21/21
 11907 | Lair:4   | Reached ***** piety under Makhleb
 11915 | Lair:4   | Killed Sonja
 11919 | Lair:4   | Slain by a seven-headed hydra

Illustrated notes

Levels and vault maps discovered:
D:1:      dpeg_arrival_circle_labyrinth_c, layout_basic, minivault_25,
          chequers_serial_rivers_large_a
D:2:      layout_basic, basic_altar, minmay_hexomino_p4
D:3:      layout_rooms, mainiacjoe_overflow_six_doors_small, serial_shops, shop
D:4:      layout_loops_cross, old_standard_altar, serial_shops, shop,
          minmay_distorted
D:5:      layout_layer_cave, lemuel_tele_altar
D:6:      nicolae_cairo_tiling, layout_basic,
          minmay_temple_entry_enclosed_plants, gup_sewer_entry_pipe
D:7:      layout_loops_ring, nicolae_overflow_two_pavilions, serial_shops,
          kennysheep_little_box, shop, nicolae_shop_hallway_stairs,
          enter_ossuary_1, roderic_serpentine_path
D:8:      layout_loops_ring, makhleb_grotto_becter,
          mainiacjoe_overflow_surrounded_room, xom_confusion_cloud,
          minmay_unpleasant_kobolds, uniq_grum, uniq_pikel
D:9:      layout_basic, grunt_qazlal_clouds, due_lair_maze_entry_diamond,
          orc_david_3
D:10:     layout_big_octagon
D:11:     layout_roguey
Temple:   hellmonk_temple_divided_pantheon
Lair:1:   layout_chaotic_city, minivault_25, grunt_megastairs_1
Lair:2:   layout_long_grid, gammafunk_ghost_split, uniq_harold
Lair:3:   layout_chaotic_city, minmay_shoals_entry_centaurs,
          hellmonk_spider_entry_life_and_decay, basic_altar
Lair:4:   layout_small_grid, nicolae_slime_entry_field_trip, uniq_sonja,
          uniq_josephine
Orc:1:    layout_diamond_mine, bh_open_orc_temple, uniq_erica

Skill      XL: |  1  2  3  4  5  6  7  8  9 10 11 12 |
---------------+-------------------------------------+-----
Long Blades    | 2 |  2.5
Unarmed Combat | 1 2 3 5 6 8 9 11 13 14 15 | 15.7
Fighting       | 5 7 9 10 11 | 11.3
Invocations    | 7 11 | 11.5
Transmutations | 1 |  1.4
Earth Magic    | 1 |  1.4
Armour         | |  2.6
Shields        | |  2.6

Action                     |  1- 3 |  4- 6 |  7- 9 | 10-12 | 13-15 || total
---------------------------+-------+-------+-------+-------+-------++-------
  Melee: Long sword        |    32 |       |       |       |       ||    32
         Unarmed           |    85 |    91 |   333 |   439 |    20 ||   968
         Tailslap          |       |    14 |    31 |    67 |     4 ||   116
         Scimitar          |       |       |       |       |     1 ||     1
 Invoke: Lesser Servant of |       |       |       |     2 |       ||     2
  Evoke: Wand              |       |     2 |       |     3 |     3 ||     8
    Use: Potion            |     1 |       |       |     1 |     1 ||     3
 Armour: Scale mail        |    40 |    28 |    39 |       |       ||   107
         Chain mail        |       |       |    64 |   209 |    15 ||   288
  Dodge: Dodged            |    42 |    27 |    92 |   122 |     9 ||   292
  Block: Buckler           |    21 |    13 |    47 |    51 |    14 ||   146

Table legend: (Time is in decaauts)
 A = Elapsed time spent in this place.
 B = Non-inter-level travel time spent in this place.
 C = Inter-level travel time spent in this place.
 D = Time resting spent in this place.
 E = Time spent auto-exploring this place.
 F = Levels seen in this place.
 G = Mean time per level.
                   A        B        C        D        E       F      G
               +--------+--------+--------+--------+--------+-----+--------+
         Total |  11946 |  11470 |    476 |    339 |   8902 |  19 |  628.7 |
       Dungeon |   8504 |   8134 |    370 |    219 |   6528 |  11 |  773.1 |
        Temple |     45 |     38 |      7 |      0 |      4 |   1 |   45.0 |
          Lair |   2530 |   2439 |     91 |    120 |   1839 |   4 |  632.5 |
  Orcish Mines |    263 |    257 |      6 |      0 |    203 |   1 |  263.0 |
         Sewer |    381 |    381 |      0 |      0 |    216 |   1 |  381.0 |
       Ossuary |    220 |    220 |      0 |      0 |    110 |   1 |  220.0 |
               +--------+--------+--------+--------+--------+-----+--------+

Top non-repeatable levels by time:
     D:7: 1121 daAuts
     D:1: 1060 daAuts
  Lair:3: 1054 daAuts
     D:6: 1030 daAuts
     D:5: 861 daAuts
     D:8: 811 daAuts
     D:4: 793 daAuts
    D:11: 723 daAuts
     D:9: 706 daAuts
  Lair:2: 696 daAuts
  Lair:1: 688 daAuts
     D:2: 532 daAuts
    D:10: 470 daAuts
     D:3: 392 daAuts
   Sewer: 381 daAuts
